 Dungeon Crawl Stone Soup version 0.30-a0-672-gc3a7216ad8 (console) character file.

Game seed: 3693411979881582022

18 petzl the Sneak (level 2, -6/24 HPs)
             Began as a Formicid Delver on Jan 18, 2023.
             Mangled by an iguana (12 damage)
             ... on level 4 of the Dungeon.
             The game lasted 00:02:51 (437 turns).

petzl the Sneak (Formicid Delver)                    Turns: 437, Time: 00:02:52

Health: -6/24      AC:  3    Str: 22    XL:     2   Next: 90%
Magic:  5/5        EV: 12    Int:  9    God:
Gold:   57         SH:  0    Dex: 15    Spells: 5/5 levels left

rFire   . . .      SeeInvis +    a - +0 rapier
rCold   . . .      Faith    .    (no shield)
rNeg    . . .      Spirit   .    b - +0 leather armour
rPois   .          Reflect  .    (helmet unavailable)
rElec   .          Harm     .    (no cloak)
rCorr   .          Rampage  .    (no gloves)
Will    .....                    (no boots)
Stlth   +++                      (no amulet)
HPRegen 0.24/turn                e - +6 ring of strength
MPRegen 0.09/turn                (no ring)

@: no status effects
A: permanent stasis, dig shafts and tunnels, antennae 3, four strong arms
a: Dig, Shaft Self


You were on level 4 of the Dungeon.
You visited 1 branch of the dungeon, and saw 3 of its levels.

You collected 57 gold pieces.

Inventory:

Hand Weapons
 a - a +0 rapier (weapon)
 k - a +0 mace
Armour
 b - a +0 leather armour (worn)
Jewellery
 e - a +6 ring of strength (left hand)
Wands
 g - a wand of digging (3)
Scrolls
 c - a scroll of fog
 d - a scroll of magic mapping
 i - a scroll of enchant armour {unknown}
 j - a scroll of identify {unknown}
Potions
 f - a potion of haste
 h - 2 potions of heal wounds {unknown}


   Skills:
 - Level 3.2 Fighting
 - Level 2.0 Maces & Flails
 - Level 1.7 Dodging
 - Level 6.0 Stealth
 + Level 2.2 Spellcasting


You had 5 spell levels left.
You didn't know any spells.
Your spell library contained the following spells:

 Spells                   Type           Power      Damage    Failure   Level
 Malign Gateway           Summ/Tloc      0%         N/A       100%        7
 Summon Horrible Things   Summ           0%         N/A       100%        8


Dungeon Overview and Level Annotations

Branches:
Dungeon (6/15)
 Temple: D:4-7

Altars:
Ashenzari
Dithmenos

Annotations:
D:4 exclusion: scorpion


Innate Abilities, Weirdness & Mutations

You cannot be hasted, slowed, berserked, paralysed or teleported.
You can dig through walls and to a lower floor.
You have a pair of large antennae on your head. (SInv)
Your four strong arms can wield two-handed weapons with a shield.


Message History

You kill the jackal!
The jackal bites you.
You barely miss the jackal. The jackal closely misses you.
You hit the jackal but do no damage. The jackal bites you. x2
You hit the jackal but do no damage. The jackal barely misses you.
The jackal bites you.
You hit the jackal.
You kill the jackal!
You hit the jackal but do no damage. The jackal closely misses you.
The jackal bites you.
You hit the jackal.
The jackal is severely wounded.
The jackal bites you.
The jackal bites you but does no damage.
You hit the jackal but do no damage.
The jackal is severely wounded.
The jackal closely misses you.
You hit the jackal.
You kill the jackal!
You see here a jackal corpse.
The iguana hisses angrily.
The iguana barely misses you.
You hit the iguana.
The iguana is lightly wounded.
You hit the iguana.
The iguana is lightly wounded.
The iguana barely misses you.
You hit the iguana.
The iguana is heavily wounded.
The iguana closely misses you.
You hit the iguana.
The iguana is heavily wounded.
The iguana bites you.
You hit the iguana but do no damage.
The iguana is heavily wounded.
The iguana bites you!
* * * LOW HITPOINT WARNING * * *
The iguana bites you!
Ouch! That really hurt!
You die...

# # ### ..#
..# ..# ..#
..# ..#
..### ....#
..#.########
..#........#
##########.#
# #.### .
#...## .#
###..#####
.# ##...†.#
s# #####@#
.# #l....#
#####.#


You could see an iguana.

Vanquished Creatures
  An adder (D:5)
  An ufetubus (D:5)
  3 jackals (D:4)
5 creatures vanquished.

Vanquished Creatures (others)
  3 plants (D:4)
3 creatures vanquished.

Grand Total: 8 creatures vanquished

Notes
Turn   | Place    | Note
-------+----------+-------------------------------------------
     0 | D:5      | petzl the Formicid Delver began the quest for the Orb.
     0 | D:5      | Reached XP level 1. HP: 18/18 MP: 1/1
    19 | D:5      | Reached skill level 1 in Spellcasting
    48 | D:5      | Noticed a scorpion
    69 | D:4      | Found a shadowy altar of Dithmenos.
   120 | D:4      | Noticed a jelly
   131 | D:4      | Noticed an orc wizard
   133 | D:4      | You fall into a shaft and drop 1 floor!
   243 | D:5      | Noticed a centaur
   313 | D:5      | Reached XP level 2. HP: 19/24 MP: 3/5
   350 | D:6      | Found a broken altar of Ashenzari.
   377 | D:4      | Noticed a scorpion
   437 | D:4      | Mangled by an iguana

Illustrated notes

Levels and vault maps discovered:
D:4:      layout_rooms, brannock_xom_greatest_gift, mainiacjoe_overflow_paths,
          nicolae_elyvilon_temple_path, dk_yredelemnul_ordeal
D:5:      layout_rooms, serial_shops, nicolae_shop_behind_doors, shop,
          corexii_checkpoint_a
D:6:      layout_rooms, nicolae_sif_muna_little_library,
          mainiacjoe_overflow_six_doors_small, nicolae_overflow_hidden_temple,
          nicolae_vehumet_radiance, uniq_eustachio

Skill      XL: |  1 |
---------------+----+-----
Spellcasting   | 2 |  2.2
Fighting       | |  3.2
Maces & Flails | |  2.0
Dodging        | |  1.7
Stealth        | |  6.0

Action                   || total
-------------------------++-------
Melee: Mace              ||    15
       Rapier            ||    16
 Abil: Shaft Self        ||     1
  Use: Scroll            ||     1
 Stab: Sleeping          ||     1
Armor: Leather armour    ||     7
Dodge: Dodged            ||    18

Table legend: (Time is in decaauts)
 A = Elapsed time spent in this place.
 B = Non-inter-level travel time spent in this place.
 C = Inter-level travel time spent in this place.
 D = Time resting spent in this place.
 E = Time spent auto-exploring this place.
 F = Levels seen in this place.
 G = Mean time per level.
                   A        B        C        D        E       F      G
               +--------+--------+--------+--------+--------+-----+--------+
         Total |    443 |    443 |      0 |    111 |     70 |   3 |  147.7 |
       Dungeon |    443 |    443 |      0 |    111 |     70 |   3 |  147.7 |
               +--------+--------+--------+--------+--------+-----+--------+

Top non-repeatable levels by time:
     D:5: 286 daAuts
     D:4: 133 daAuts
     D:6: 23 daAuts
